[Event "Late-Titled-Tuesday-Blitz-September-12-2023"]
[Site "Chess.com"]
[Date "2023.09.12"]
[Round "9"]
[White "AlexNovitz"]
[Black "chessajedrezz2020"]
[Result "0-1"]
[WhiteElo "2163"]
[BlackElo "2698"]
[TimeControl "180+1"]
[EndTime "15:39:39 PDT"]
[Termination "chessajedrezz2020 won on time"]

1. e4 c6 2. d4 d5 3. exd5 cxd5 4. c4 Nf6 5. Nc3 e6 6. c5 b6 7. b4 a5 8. Bb5+ Bd7 9. Qa4 Qc8 10. Bxd7+ Nfxd7 11. Bf4 Nc6 12. b5 Nb4 13. c6 Nd3+ 14. Kf1 Nxf4 15.
cxd7+ Qxd7 16. Nf3 Bd6 17. g3 Ng6 18. Kg2 O-O 19. h4 Rfc8 20. Qb3 Ne7 21. Na4 Rab8 22. Rac1 Rc7 23. Rxc7 Qxc7 24. Rd1 h6 25. Rd3 Qd7 26.
Rc3 Bb4 27. Rc1 f6 28. Qc2 Qxb5 29. Nc3 Qd7 30. a4 Rc8 31. Qb3 Bxc3 32. Rxc3 Rxc3 33. Qxc3 Nc6 34. Qe3 Qd6 35. Qd3 e5 36. dxe5 Nxe5 37. Qb5 Nc6 38. Qxb6 d4 39. Nxd4 Qd5+ 40. Nf3 Ne5 41.
Qb8+ Kh7 0-1

[Event "Late-Titled-Tuesday-Blitz-September-12-2023"]
[Site "Chess.com"]
[Date "2023.09.12"]
[Round "9"]
[White "Chessdude1987"]
[Black "santosalberto1987"]
[Result "0-1"]
[WhiteElo "2434"]
[BlackElo "2542"]
[TimeControl "180+1"]
[EndTime "15:39:40 PDT"]
[Termination "santosalberto1987 won on time"]

1. e4 e6 2. d4 d5 3. e5 c5 4. c3 Qb6 5. Nf3 Nc6 6. Bd3 cxd4 7. O-O Bd7 8. Re1 Nge7 9. Ng5 Ng6 10. Bxg6 hxg6 11.
Qf3 Nd8 12. cxd4 Be7 13. Nc3 Rh5 14. Nh3 Qxd4 15. Be3 Qh4 16. Rad1 Nc6 17. Bf4 Rh8 18. Bg3 Qh5 19. Qd3 Qf5 20. Qd2 O-O-O 21. a3 Kb8 22. b4 Rc8 23. Na4 Nxb4 24. Nb6 axb6 25. axb4 Rc2 26.
Qe3 Bd8 27. Ra1 Bb5 28. Qa3 Ba6 29. b5 Bxb5 30. Qa8+ Kc7 31. Rec1 Re8 32. Qa3 Be7 33. Qb3 Rxc1+ 34. Rxc1+ Bc6 35. Rb1 Bc5 36. Nf4 g5 37.
Nd3 Bd4 38. Kh1 Qe4 39. f3 Qe2 40. Rc1 Ra8 41. Bf2 Bxf2 42. Nxf2 Qxf2 0-1

[Event "Late-Titled-Tuesday-Blitz-September-12-2023"]
[Site "Chess.com"]
[Date "2023.09.12"]
[Round "9"]
[White "lilylg"]
[Black "Vadim_Biliy"]
[Result "1-0"]
[WhiteElo "2170"]
[BlackElo "2194"]
[TimeControl "180+1"]
[EndTime "15:39:40 PDT"]
[Termination "lilylg won on time"]

1. d4 c5 2. d5 f5 3. c4 Nf6 4. Nc3 g6 5. g3 Bg7 6. Bg2 O-O 7. Nf3 a6 8. a4 h6 9. O-O e6 10. Ne5 Qe8 11. Nd3 e5 12. Nxc5 e4 13. Be3 d6 14.
Nb3 Nbd7 15. Qd2 Ne5 16. c5 Nc4 17. Qc1 Nxe3 18. Qxe3 Ng4 19. Qc1 Bd7 20. h3 Ne5 21. cxd6 Rc8 22. Rd1 Nc4 23. Nd4 Nxd6 24. Ra3 Qe5 25.
Rb3 Bxa4 26. f4 Qf6 27. e3 Bxb3 28. Nxb3 Nb5 29. Nd4 Nxc3 30. bxc3 Rfd8 31. c4 Qb6 32. Ne6 Qb4 33. Nxd8 Rxd8 34. c5 Bf8 35. d6 b6 36. Bf1 Qxc5 37. Bc4+ Kh7 38. d7 Qe7 39. Qd2 b5 40. Bb3 Bg7 41. Qd5 Bf6 42. Qe6 1-0

[Event "Late-Titled-Tuesday-Blitz-September-12-2023"]
[Site "Chess.com"]
[Date "2023.09.12"]
[Round "9"]
[White "infinitegiantkiller"]
[Black "karinachess1"]
[Result "0-1"]
[WhiteElo "2454"]
[BlackElo "2611"]
[TimeControl "180+1"]
[EndTime "15:39:46 PDT"]
[Termination "karinachess1 won on time"]

1. Nf3 Nf6 2. g3 g6 3. Bg2 Bg7 4. O-O O-O 5. b3 d6 6. Bb2 c5 7. d4 cxd4 8. Nxd4 d5 9. Nd2 Nc6 10. Nxc6 bxc6 11. c4 Bf5 12. Rc1 Qa5 13. a3 Rad8 14.
b4 Qa6 15. c5 Rfe8 16. e3 e5 17. Qb3 Bd3 18. Rfd1 Bb5 19. Bf1 Bxf1 20. Nxf1 Ne4 21. a4 Qe2 22. Qc2 Qf3 23. Rd3 Rb8 24. Ba3 Rec8 25.
h4 g5 26. Nh2 Qh5 27. hxg5 Nxg5 28. Qd1 Qg6 29. b5 e4 30. Rd2 Rd8 31. bxc6 Qxc6 32.
Qg4 h6 33. Rcd1 Rd7 34. Qf5 Qe6 35. g4 Rbd8 36. c6 Qxc6 37. Bb2 Qe6 38. Bxg7 Kxg7 39. Kg2 Qxf5 40. gxf5 h5 41. Nf1 Kf6 42. Ng3 h4 43.
Ne2 Nf3 44. Rc2 Rg8+ 45. Kh3 Kxf5 46. Nd4+ Nxd4 47. Rxd4 Rg1 48. Kxh4 Rd8 0-1

[Event "Late-Titled-Tuesday-Blitz-September-12-2023"]
[Site "Chess.com"]
[Date "2023.09.12"]
[Round "9"]
[White "jcmesafischer"]
[Black "Chessdreamer2020"]
[Result "0-1"]
[WhiteElo "2368"]
[BlackElo "2514"]
[TimeControl "180+1"]
[EndTime "15:39:46 PDT"]
[Termination "Chessdreamer2020 won by resignation"]

1. Nf3 d6 2. d4 g6 3. c4 Bg7 4.
Nc3 e5 5. dxe5 dxe5 6. Qc2 Ne7 7. Bg5 f6 8. Rd1 Nd7 9. Be3 O-O 10. Qc1 Nf5 11.
Bd2 c6 12. g4 Nd4 13. Bg2 Nc5 14. h3 Qe7 15. O-O Be6 16. b3 Rad8 17. Qa3 b6 18.
Na4 Nxe2+ 19. Kh1 e4 20. Ng1 Nxg1 21. Kxg1 f5 22. gxf5 gxf5 23. Be3 Rxd1 24. Rxd1 Rd8 25. Rxd8+ Qxd8 26. Nxc5 Qd1+ 27. Bf1 bxc5 28. Qxa7 h6 29.
Qa8+ Kh7 30. Qxc6 Bd7 31. Qxc5 f4 32. Qe7 fxe3 33. Qxe4+ Kg8 34. Qxe3 Qd6 35. c5 Qg6+ 36. Kh2 Qf5 37. b4 Be5+ 38. Kg1 Bc6 39. Bg2 Qg6 40. f3 Qf6 41. Kf1 Kg7 42. Qd3 Qf4 43. b5 Qc1+ 44. Ke2 Qb2+ 45. Qd2 Bxb5+ 46. Kf2 Qxd2+ 0-1

[Event "Late-Titled-Tuesday-Blitz-September-12-2023"]
[Site "Chess.com"]
[Date "2023.09.12"]
[Round "9"]
[White "SpeedofLight0"]
[Black "Abund"]
[Result "1-0"]
[WhiteElo "3080"]
[BlackElo "2741"]
[TimeControl "180+1"]
[EndTime "15:39:48 PDT"]
[Termination "SpeedofLight0 won by checkmate"]

1. d4 Nf6 2. Nf3 d5 3. Bf4 c5 4. e3 Nc6 5. Nbd2 cxd4 6. exd4 Bf5 7. c3 e6 8. Bb5 Bd6 9. Ne5 Qc7 10. Qa4 O-O 11.
Ndf3 Ne4 12. Bxc6 bxc6 13. Be3 c5 14. Nd7 Rfd8 15. Nxc5 Nxc5 16. dxc5 Bxc5 17. Bxc5 Qxc5 18. O-O Rab8 19. b4 Qxc3 20. a3 Qc7 21. Rac1 Qb7 22.
Nd4 Bd3 23. Rfd1 Bb5 24. Nxb5 Qxb5 25. Qxa7 Ra8 26. Qc7 h6 27. h3 Rd7 28. Qg3 d4 29. Rd3 Rad8 30. Rc5 Qa4 31. Qe5 Qa6 32. b5 Qa5 33.
Rg3 g6 34. Rd3 Rd5 35. Rxd5 Rxd5 36. Qf6 Qxb5 37. Rxd4 Qb1+ 38. Kh2 Qb2 39. Rf4 Qxf6 40. Rxf6 Rd3 41. Rf3 Rd1 42. Kg3 Ra1 43. Kf4 Kg7 44.
Ke5 Ra2 45. Kd6 g5 46. Ke7 Kg6 47. Rf6+ Kh5 48. Kxf7 Rxa3 49. g4+ Kh4 50. Rxh6# 1-0

[Event "Late-Titled-Tuesday-Blitz-September-12-2023"]
[Site "Chess.com"]
[Date "2023.09.12"]
[Round "9"]
[White "The_Princess_Moon"]
[Black "Cambek64"]
[Result "0-1"]
[WhiteElo "2292"]
[BlackElo "2489"]
[TimeControl "180+1"]
[EndTime "15:39:48 PDT"]
[Termination "Cambek64 won by resignation"]

1. e4 e6 2. d4 d5 3. e5 c5 4. c3 Nc6 5. Nf3 Bd7 6. Be2 Nge7 7. O-O cxd4 8. cxd4 Nf5 9. Nc3 Be7 10. g4 Nh4 11.
Nxh4 Bxh4 12. f4 Be7 13. Be3 Rc8 14. Qd2 O-O 15. f5 Na5 16. f6 gxf6 17. Bh6 fxe5 18.
Bxf8 Bxf8 19. dxe5 Bg7 20. Qf4 Be8 21. Rae1 Nc4 22.
Bxc4 Rxc4 23. Qf3 Qg5 24. h3 h5 25. b3 hxg4 26. Qg3 Rd4 27. h4 Qg6 28. Ne2 Rd3 29. Qg2 Bxe5 30. Nf4 Bxf4 31. Rxf4 g3 32. Rf3 Rxf3 33. Qxf3 Bc6 34. h5 Qg5 35. Qe3 Qxh5 36.
Qxg3+ Kf8 37. Qd6+ Kg7 38. Qg3+ Qg6 39. Qxg6+ Kxg6 40. Kf2 f6 41. Ke3 e5 42. Rg1+ Kf5 43. b4 d4+ 44. Kd2 e4 45. Rb1 Bb5 46. Rc1 e3+ 47.
Kd1 Ke4 48. Rc5 Bc6 49. b5 Bd5 50. a3 f5 51. a4 f4 52. Rc7 f3 53. Re7+ Kd3 54.
a5 f2 0-1

[Event "Late-Titled-Tuesday-Blitz-September-12-2023"]
[Site "Chess.com"]
[Date "2023.09.12"]
[Round "9"]
[White "Aleksandar-Topalov"]
[Black "malakismayil"]
[Result "0-1"]
[WhiteElo "2372"]
[BlackElo "2516"]
[TimeControl "180+1"]
[EndTime "15:39:50 PDT"]
[Termination "malakismayil won by resignation"]

1. b3 e5 2. Bb2 Nc6 3. c4 Nf6 4.
e3 d6 5. Nf3 Be7 6. d4 exd4 7.
Nxd4 O-O 8. Nc3 Re8 9. Be2 Ne5 10.
O-O Ng6 11. Qc2 Bd7 12. Rad1 Qc8 13. Bd3 a6 14. Bf5 c5 15. Bxd7 Qxd7 16. Nf5 Rad8 17. Nd5 Nxd5 18. Rxd5 f6 19. Rfd1 Qc7 20. Qd2 Ne5 21.
Nxd6 Bxd6 22. Rxd6 Nf7 23. Rd5 b6 24. h3 Rxd5 25. cxd5 Nd6 26. f3 f5 27. Re1 b5 28.
Qc2 c4 29. e4 Qc5+ 30. Kh1 fxe4 31. fxe4 Rf8 32. Qc3 Rf7 33. e5 b4 34. Qg3 Nf5 35. Qg4 Qf2 36. Rb1 Ne3 37. Qe4 c3 38. e6 cxb2 39. exf7+ Kxf7 40. Qe6+ Kf8 41. Qd6+ Kf7 42. Qe6+ Kf8 43. Qe4 Nf5 44. d6 Ng3+ 45. Kh2 Nxe4 46. d7 Qf4+ 47. Kh1 Qd6 48. Rf1+ Ke7 49. Rf7+ Kxf7 0-1

[Event "Late-Titled-Tuesday-Blitz-September-12-2023"]
[Site "Chess.com"]
[Date "2023.09.12"]
[Round "9"]
[White "picturesquecheck"]
[Black "tteshan"]
[Result "0-1"]
[WhiteElo "2334"]
[BlackElo "2526"]
[TimeControl "180+1"]
[EndTime "15:39:50 PDT"]
[Termination "tteshan won by resignation"]

1. e4 c5 2. Nf3 Nc6 3. g3 g6 4. Bg2 Bg7 5. O-O e5 6. Re1 Nge7 7. d3 O-O 8. Nc3 d6 9. Bg5 h6 10. Be3 Be6 11. a4 Kh7 12. Nd2 Qd7 13. Nc4 f5 14. Nb5 f4 15. Bd2 Nc8 16. c3 Bg4 17. f3 Bh3 18. g4 Bxg2 19. Kxg2 a6 20. Nba3 N6e7 21.
Nc2 Qe6 22. Rh1 g5 23. Be1 Ng6 24. h4 Kg8 25. hxg5 hxg5 26. Rh5 Kf7 27. Bf2 Nce7 28. Qe2 Rh8 29. Rah1 b5 30. axb5 axb5 31. N4a3 Qb3 32. Na1 Qa4 33. Qc2 Qxc2 34. N1xc2 Rab8 35. Rxh8 Nxh8 36.
b4 cxb4 37. Nxb4 Nhg6 38. Rb1 Ke6 39. Nbc2 Rc8 40. Nxb5 d5 41. exd5+ Nxd5 42. c4 Nde7 43. Nb4 Nc6 44. Nxc6 Rxc6 45. Ra1 Bf8 46. Ra7 Bb4 47.
Nc7+ Kd6 48. Nd5 Bc5 49. Rg7 Nf8 50. Bxc5+ Kxc5 51. Rxg5 Kd4 52. Ne7 Re6 53. Rg8 Rxe7 54. Rxf8 Kxd3 55. Rc8 Ke3 56. c5 e4 57. fxe4 f3+ 58. Kg3 Rf7 59. Ra8 f2 60. Ra3+ Kd4 61. Ra4+ Ke5 62. Ra1 f1=Q 63. Rxf1 Rxf1 64. c6 Rc1 65. g5 Rxc6 66. g6 Rxg6+ 0-1

[Event "Late-Titled-Tuesday-Blitz-September-12-2023"]
[Site "Chess.com"]
[Date "2023.09.12"]
[Round "9"]
[White "zverr1"]
[Black "Alexei_Gubajdullin"]
[Result "1-0"]
[WhiteElo "2516"]
[BlackElo "2604"]
[TimeControl "180+1"]
[EndTime "15:39:51 PDT"]
[Termination "zverr1 won by checkmate"]

1. d4 Nf6 2. c4 g6 3. Nc3 Bg7 4. e4 d6 5. Be2 O-O 6. h4 h5 7.
Nf3 c5 8. d5 e6 9. Bg5 Qa5 10.
Qd2 exd5 11. exd5 Bf5 12. O-O a6 13. Bxf6 Bxf6 14. Ne4 Qd8 15. Nxf6+ Qxf6 16. Qf4 Qxb2 17. Rfe1 Qf6 18. Bd3 Nd7 19. Bxf5 gxf5 20. Rab1 b6 21.
Re3 Rae8 22. Rbe1 Rxe3 23. Rxe3 b5 24. Ng5 Ne5 25. cxb5 axb5 26. Ne4 Qg6 27. Rg3 Ng4 28. Nxd6 Rd8 29. Nxf5 Re8 30. Ne3 Qb1+ 31. Nf1 Re1 32.
Qg5+ Kf8 33. Qd8+ Kg7 34. Qg5+ Kh7 35. Qxh5+ Nh6 36. Rf3 Rxf1+ 37. Kh2 Rh1+ 38. Kg3 Qe4 39. Rxf7+ Kg8 40. Rf4 Qd3+ 41. f3 Nf7 42. Qxf7+ Kh8 43.
Qf8+ Kh7 44. Rf7+ Kg6 45. Qg7+ Kh5 46. Qg5# 1-0

[Event "Late-Titled-Tuesday-Blitz-September-12-2023"]
[Site "Chess.com"]
[Date "2023.09.12"]
[Round "9"]
[White "YEIKO2017"]
[Black "Dr_crypt"]
[Result "0-1"]
[WhiteElo "2524"]
[BlackElo "2434"]
[TimeControl "180+1"]
[EndTime "15:39:53 PDT"]
[Termination "Dr_crypt won by resignation"]

1. e4 d5 2. exd5 Qxd5 3. Nc3 Qd6 4.
d4 c6 5. Nf3 Bg4 6. Bc4 Nf6 7.
Be3 Nbd7 8. h3 Bh5 9. g4 Bg6 10.
Qe2 e6 11. O-O-O O-O-O 12. Ne5 Qc7 13. f4 Nxe5 14. dxe5 Nd5 15. Bxd5 cxd5 16. Nb5 Qa5 17. Nxa7+ Kb8 18. Kb1 Bc5 19. Bxc5 Qxc5 20. Nb5 Bxc2+ 21. Qxc2 Qxb5 22. Rc1 Rc8 23. Qd2 Rc4 24. Rxc4 Qxc4 25. Rc1 Qe4+ 26. Ka1 h5 27. Qc3 Qc4 28. Qxc4 dxc4 29.
g5 Rd8 30. a3 Rd4 31. Rf1 g6 32. Rf3 Rd1+ 33. Ka2 h4 34. a4 Rg1 35. Ka3 Rg3 36. Rc3 Kc7 37. Kb4 Kc6 38. Rxc4+ Kd5 39. Rc7 Rxh3 40.
Rxb7 Rf3 41. Rxf7 h3 42. Kb5 Rb3+ 43. Ka6 Rxb2 44. Rh7 h2 45. a5 Ke4 46. Rh4 Kf3 47.
Ka7 Kg3 48. Rh6 Kg2 49. a6 h1=Q 50. Rxh1 Kxh1 51. Ka8 Rb4 52. a7 Rxf4 53. Kb7 Rf7+ 54. Kb6 Rf8 55. Kb7 Kg2 56. a8=Q Rxa8 57. Kxa8 Kf3 58.
Kb7 Ke4 0-1

[Event "Late-Titled-Tuesday-Blitz-September-12-2023"]
[Site "Chess.com"]
[Date "2023.09.12"]
[Round "9"]
[White "FeketeBarika"]
[Black "MathiasCasalaspro"]
[Result "0-1"]
[WhiteElo "2357"]
[BlackElo "2302"]
[TimeControl "180+1"]
[EndTime "15:39:53 PDT"]
[Termination "MathiasCasalaspro won by resignation"]

1. Nf3 Nf6 2. g3 g6 3. c4 Bg7 4. Bg2 O-O 5. O-O d6 6. d4 c5 7. d5 b5 8. cxb5 a6 9. bxa6 Bxa6 10. Nc3 Nbd7 11. Re1 Qb6 12. e4 Ng4 13. h3 Nge5 14. Nxe5 Nxe5 15. Na4 Qb7 16. Re3 Bb5 17. Nc3 Nc4 18.
Re1 Ba6 19. Bg5 Nxb2 20. Qc2 Nd3 21. Reb1 Qc7 22. a3 Rfb8 23. Rxb8+ Rxb8 24. Rb1 Rxb1+ 25. Nxb1 Bd4 26. Be3 Bxe3 27. fxe3 Qa5 28. Nc3 Qxa3 29. Bf1 Nb4 30. Qd2 Bxf1 31. Kxf1 Qa6+ 32. Kg2 Kf8 33. g4 Ke8 34. e5 Qd3 35. Qxd3 Nxd3 36. exd6 exd6 37.
Ne4 Ke7 38. Kf3 f6 39. h4 h6 40. Ke2 Ne5 41. g5 fxg5 42. hxg5 h5 43. Nf2 Ng4 44.
Nh3 Ne5 45. Nf4 Kd7 46. Kd2 Kc7 47. Kc3 Kb6 48. Kb3 Kb5 49. e4 Ka5 50. Ka3 c4 51. Kb2 Kb4 52. Kc2 c3 53. Ne2 Nf3 54. Nxc3 Kc4 55. e5 Nxe5 56. Kd2 h4 57. Ne2 Kxd5 58. Nf4+ Ke4 59. Nh3 Kf3 0-1

[Event "Late-Titled-Tuesday-Blitz-September-12-2023"]
[Site "Chess.com"]
[Date "2023.09.12"]
[Round "9"]
[White "Bodhanas"]
[Black "salomez"]
[Result "1/2-1/2"]
[WhiteElo "1889"]
[BlackElo "2280"]
[TimeControl "180+1"]
[EndTime "15:39:53 PDT"]
[Termination "Game drawn by repetition"]

1. d4 Nf6 2. Nf3 g6 3. g3 Bg7 4. Bg2 O-O 5. O-O d5 6. c3 Ne4 7. Bf4 Nd7 8. Nbd2 Ndf6 9. Ng5 Nd6 10. Bxd6 Qxd6 11. e4 dxe4 12. Ngxe4 Nxe4 13. Nxe4 Qb6 14. Qe2 e5 15. dxe5 Bxe5 16. Rad1 Bg7 17. Rfe1 Be6 18. b3 Rfe8 19. Qf3 h6 20. Nf6+ Bxf6 21. Qxf6 a5 22. Qd4 Qb5 23. Re5 Qa6 24. Qe3 Kg7 25.
Re1 a4 26. Bh3 axb3 27. axb3 Re7 28. Bxe6 Rxe6 29. Rxe6 Qxe6 30. Qxe6 fxe6 31. Rxe6 Ra3 32.
Re7+ Kf6 33. Rxc7 Rxb3 34. Kg2 b5 35. h4 b4 36. cxb4 Rxb4 37. f3 h5 38. Kh3 Ra4 39.
g4 hxg4+ 40. fxg4 Ra3+ 41. Kg2 Rb3 42. Rc5 Ra3 43. h5 gxh5 44. gxh5 Kg7 45. Rc6 Kh7 46. h6 Rb3 47. Kh2 Ra3 48. Kg2 Rb3 49. Kh2 Ra3 50. Kg2 1/2-1/2

[Event "Late-Titled-Tuesday-Blitz-September-12-2023"]
[Site "Chess.com"]
[Date "2023.09.12"]
[Round "9"]
[White "PapaieDudu"]
[Black "wild3000"]
[Result "1-0"]
[WhiteElo "2320"]
[BlackElo "2401"]
[TimeControl "180+1"]
[EndTime "15:39:54 PDT"]
[Termination "PapaieDudu won on time"]

1. e4 a6 2. d4 e6 3. Bd3 d5 4. e5 c5 5. c3 Nc6 6. f4 Nge7 7. Nf3 Bd7 8. dxc5 a5 9. Be3 Ng6 10. Nbd2 a4 11. b4 Qc7 12. Qe2 Be7 13. Rc1 O-O 14. h4 f6 15. b5 Ncxe5 16. fxe5 fxe5 17. Bxg6 hxg6 18. c4 e4 19. Ng5 Qg3+ 20. Bf2 Qxg2 21. Rg1 Rxf2 22. Qxf2 Qxf2+ 23. Kxf2 Bxc5+ 24. Ke2 Bxg1 25.
Rxg1 Rf8 26. Rb1 Rf4 27. Rh1 Kf8 28. Ke3 Rg4 29. Kd4 Ke7 30. Nf1 e3+ 31. Kxe3 Rxc4 32. Nd2 Rc2 33. Rf1 Bxb5 34. Rf7+ Kd6 35. Rxb7 Bc6 36.
Rxg7 e5 37. Rxg6+ Kc5 38. Ne6+ Kb5 39. Nc7+ Kc5 40. Rg2 d4+ 41. Kd3 Rc3+ 42. Ke2 Bxg2 43. h5 Rh3 44. Ne6+ Kb4 45. Ng7 1-0

[Event "Late-Titled-Tuesday-Blitz-September-12-2023"]
[Site "Chess.com"]
[Date "2023.09.12"]
[Round "9"]
[White "WPWPWP-2015"]
[Black "Noki102"]
[Result "0-1"]
[WhiteElo "2525"]
[BlackElo "2442"]
[TimeControl "180+1"]
[EndTime "15:39:59 PDT"]
[Termination "Noki102 won on time"]

1. d4 d5 2. c4 c6 3. Nf3 Nf6 4.
Nc3 e6 5. Bg5 Nbd7 6. e3 Qa5 7.
Nd2 dxc4 8. Bxf6 Nxf6 9. Nxc4 Qc7 10. Bd3 Be7 11. O-O O-O 12. Rc1 Rd8 13. Qe2 Bd7 14. a3 Be8 15. h3 Rac8 16. b4 b6 17. Ne5 Qb8 18. Rb1 Qa8 19. Ne4 c5 20. bxc5 Nxe4 21. cxb6 axb6 22. Rxb6 Nf6 23. Ra6 Qd5 24. Rb1 Rc3 25.
a4 Ra3 26. Bc4 Qe4 27. Bd3 Qh4 28. a5 Nd5 29. Qb2 Nc3 30. Ra1 Rxa1+ 31. Qxa1 Ne4 32. Qb2 Bf6 33. Nf3 Rb8 34. Qc2 Qxf2+ 35. Qxf2 Nxf2 36.
Kxf2 Rb2+ 37. Kg1 Kf8 38. Ra8 Ke7 39. a6 Bd7 40. Ra7 Kd6 41. Bf1 h5 42. Ra8 g5 43.
Ne1 g4 44. Nd3 Ra2 45. Nc5 Bc6 46. Rf8 gxh3 47. gxh3 Bg5 48. Ne4+ Bxe4 0-1

[Event "Late-Titled-Tuesday-Blitz-September-12-2023"]
[Site "Chess.com"]
[Date "2023.09.12"]
[Round "9"]
[White "MarcoRiehle"]
[Black "MathiasWomacka"]
[Result "1/2-1/2"]
[WhiteElo "2774"]
[BlackElo "2547"]
[TimeControl "180+1"]
[EndTime "15:40:04 PDT"]
[Termination "Game drawn - insufficient material"]

1. e4 c5 2. a3 g6 3. h4 Bg7 4.
h5 Nc6 5. Nc3 e6 6. Bc4 Nge7 7. d3 d5 8. Ba2 b6 9. Nf3 Bb7 10. Bg5 Qd7 11. Qe2 O-O-O 12. O-O-O h6 13. Bxe7 Nxe7 14. hxg6 Nxg6 15. exd5 exd5 16. Qd2 h5 17. Kb1 h4 18. Rde1 Qg4 19. Qg5 Qxg5 20. Nxg5 Rd7 21. Bb3 Nf4 22. Rh2 Bd4 23. Nd1 Rg8 24. Nf3 Bf6 25. Nxh4 Bxh4 26. Rxh4 Nxg2 27. Rg1 Nxh4 28. Rxg8+ Kc7 29. Ne3 Bc6 30. Rg5 d4 31. Ng4 Nf3 32. Rf5 Nd2+ 33. Kc1 Nxb3+ 34. cxb3 Kd6 35. Rf6+ Kd5 36. Kd2 Re7 37. Rf5+ Kd6 38. Rf6+ Kd5 39. Rf5+ Kd6 40. f4 Bd7 41. Rf6+ Kc7 42. Ne5 Be6 43.
b4 cxb4 44. axb4 Kd6 45. Ke2 Rc7 46. Nc4+ Ke7 47. Rh6 Bxc4 48. dxc4 Rxc4 49. b5 Rb4 50. Kd3 Rxb5 51. Rh2 Rb4 52. Ke4 a5 53. f5 Kf6 54.
Rh6+ Kg5 55. Rd6 a4 56. Rd7 Kf6 57. Rd6+ Ke7 58. Rc6 b5 59. Rc7+ Kd6 60. Rxf7 Rxb2 61. Kxd4 a3 62. Ra7 b4 63. f6 Rf2 64. Kc4 Rf4+ 65. Kb3 Ke6 66. f7 Rxf7 67. Ra6+ Kd5 68. Kxb4 Rf3 69. Rxa3 Rxa3 70. Kxa3 1/2-1/2

[Event "Late-Titled-Tuesday-Blitz-September-12-2023"]
[Site "Chess.com"]
[Date "2023.09.12"]
[Round "9"]
[White "RaphaeI"]
[Black "szachmistrz2500"]
[Result "0-1"]
[WhiteElo "2572"]
[BlackElo "2469"]
[TimeControl "180+1"]
[EndTime "15:40:07 PDT"]
[Termination "szachmistrz2500 won on time"]

1. c4 c5 2. Nf3 g6 3. e4 Bg7 4. d4 cxd4 5. Nxd4 Nc6 6. Be3 Nf6 7. Nc3 d6 8. Be2 O-O 9. O-O Nxd4 10. Bxd4 Be6 11. b3 Nd7 12. Bxg7 Kxg7 13. f4 f6 14. Nd5 Nb6 15. Qd2 Nxd5 16. exd5 Bf7 17. Rae1 Qb6+ 18. Kh1 a5 19. Bg4 Rfe8 20. Bd7 Red8 21.
Rxe7 Qc7 22. Rxf7+ Kxf7 23. Be6+ Kg7 24. f5 g5 25. h4 h6 26. Qd4 Rh8 27. Rf3 Qe7 28. Kg1 Kh7 29. Rh3 Kg7 30. Rg3 Kh7 31. Qe4 Kg7 32. Qd4 Kh7 33. Qg4 Kg7 34. a3 Ra6 35. Qd4 Kh7 36. Kf2 Raa8 37. Ke2 Rhf8 38. Rh3 Kg7 39.
Kd2 Rh8 40. Rg3 Kh7 41. Kc3 Rhf8 42. Rh3 Kg7 43. Rg3 Kh7 44. Qe4 Kg7 45. Qe2 b5 46.
cxb5 Rfc8+ 47. Kb2 Rc5 48. hxg5 hxg5 49. Rh3 Rac8 50. a4 Rc2+ 51. Qxc2 Rxc2+ 52. Kxc2 Qa7 53. Rc3 Qf2+ 54. Kb1 Qg1+ 55. Kb2 Qxg2+ 56. Rc2 Qg1 57. Rc7+ Kh6 58. Rc6 Qd4+ 59. Ka3 Qb4+ 60. Kb2 g4 0-1

[Event "Late-Titled-Tuesday-Blitz-September-12-2023"]
[Site "Chess.com"]
[Date "2023.09.12"]
[Round "9"]
[White "ace_mar"]
[Black "IMSlavin"]
[Result "0-1"]
[WhiteElo "2515"]
[BlackElo "2248"]
[TimeControl "180+1"]
[EndTime "15:40:09 PDT"]
[Termination "IMSlavin won by resignation"]

1. e4 Nc6 2. Nf3 d6 3. d4 Nf6 4. Nc3 Bg4 5. Be3 a6 6. Be2 e5 7.
d5 Ne7 8. Qd2 Ng6 9. O-O-O b5 10.
a3 Be7 11. h3 Bd7 12. g4 Rb8 13. Ne1 a5 14. b4 axb4 15. axb4 O-O 16. Nd3 c6 17.
dxc6 Bxc6 18. f3 d5 19. exd5 Nxd5 20. Nxd5 Qxd5 21. Qc3 Rfc8 22. Nc5 Qa2 23. h4 Be8 24.
Qb2 Qa8 25. h5 Nf4 26. Bd3 Nxd3+ 27. Rxd3 Qxf3 28. Re1 Qxg4 29. Rg1 Qxh5 30. Bd2 Bf6 31.
Ne4 Be7 32. Rdg3 g6 33. Bg5 Qe2 34. Nd2 Bxg5 35. Rxg5 Qe3 36. R5g2 Bd7 37. Rf1 Be6 38. Rf3 Qd4 39. c3 Rc7 40. Rgf2 Rbc8 41. Kd1 Rxc3 42.
Rxc3 Qxc3 43. Qb1 Qd4 44. Ke1 Bc4 45. Ne4 Bd3 46. Qd1 Qxe4+ 47. Kd2 Rc2+ 48. Qxc2 Bxc2 49.
Kc3 Qd3+ 50. Kb2 Qd4+ 51. Kc1 Qxf2 52. Kb2 Qd4+ 53. Ka3 Qc3+ 54. Ka2 Qb3+ 0-1

[Event "Late-Titled-Tuesday-Blitz-September-12-2023"]
[Site "Chess.com"]
[Date "2023.09.12"]
[Round "9"]
[White "egnfanclub"]
[Black "jaskol95"]
[Result "0-1"]
[WhiteElo "2340"]
[BlackElo "2545"]
[TimeControl "180+1"]
[EndTime "15:40:10 PDT"]
[Termination "jaskol95 won on time"]

1. e4 d6 2. Nc3 Nf6 3. f4 Nbd7 4.
Nf3 e5 5. d4 exd4 6. Nxd4 Nc5 7. Bd3 c6 8. O-O Bg4 9. Qe1 Be7 10. h3 Bd7 11. e5 Nxd3 12. cxd3 dxe5 13. fxe5 Nd5 14. e6 fxe6 15. Nxe6 Bxe6 16. Qxe6 Nf6 17. Bg5 Qd7 18. Rae1 Qxe6 19. Rxe6 Kf7 20. Re2 Rhe8 21.
Ne4 Kg6 22. Bd2 h6 23. Bc3 Nxe4 24. dxe4 Bc5+ 25. Kh1 Re7 26. e5 Rae8 27. Rd1 Re6 28.
b4 Bb6 29. Red2 Bc7 30. Rd7 R8e7 31. Rxe7 Rxe7 32. Kg1 Bxe5 33. Bxe5 Rxe5 34. Rd7 Rb5 35. a3 a5 36. bxa5 Rxa5 37. Rxb7 Rxa3 38. Rc7 Rc3 39. Kf2 Kf6 40. g4 Rxh3 41. Rxc6+ Kg5 42. Rc7 g6 43.
Rc4 Ra3 44. Kg2 Kh4 45. Rb4 Rg3+ 46. Kf2 Rxg4 47. Rb5 h5 48. Rb1 Ra4 49. Rb5 g5 50.
Rb2 g4 51. Kg2 Ra3 52. Rc2 Ra5 53. Rb2 Kg5 54. Rf2 h4 55. Rb2 Re5 56. Kf2 Kf4 57.
Rb4+ Re4 58. Rb2 h3 59. Rb3 g3+ 60. Rxg3 Re2+ 61. Kxe2 Kxg3 0-1

[Event "Late-Titled-Tuesday-Blitz-September-12-2023"]
[Site "Chess.com"]
[Date "2023.09.12"]
[Round "9"]
[White "Chaos_Magic"]
[Black "Francisco_Ferrari"]
[Result "1/2-1/2"]
[WhiteElo "2401"]
[BlackElo "2243"]
[TimeControl "180+1"]
[EndTime "15:40:13 PDT"]
[Termination "Game drawn - timeout vs insufficient material"]

1. d4 Nf6 2. c4 g6 3. Nc3 Bg7 4. e4 O-O 5. Nf3 d6 6. h3 e5 7. d5 a5 8. Be3 Na6 9. g4 Nc5 10.
Nd2 c6 11. Qc2 Bd7 12. O-O-O a4 13. Bxc5 dxc5 14. Kb1 Qa5 15. dxc6 Bxc6 16. Be2 Rfd8 17. f3 Rd4 18. Nf1 Rad8 19. Ne3 Bh6 20. Ned5 Nxd5 21. Nxd5 Bxd5 22. exd5 b5 23. cxb5 R8xd5 24. Rxd4 Rxd4 25. Rd1 a3 26. Rxd4 exd4 27. bxa3 Qxa3 28. Bc4 Qb4+ 29. Bb3 Qxb5 30. Qc4 Qxc4 31. Bxc4 Kf8 32. Kc2 Ke7 33. Kd3 Bf4 34. a4 Bc7 35. Ke4 Kd6 36.
Bxf7 Ba5 37. Bg8 h6 38. h4 Be1 39.
h5 g5 40. Bc4 Ba5 41. f4 gxf4 42. Kxf4 Bd2+ 43. Ke4 Bg5 44. a5 Bd8 45. a6 Bb6 46. Kf5 Kc7 47. Kg6 Kb8 48. Kxh6 Ka7 49. Kg6 d3 50. Bxd3 c4 51. Bxc4 Be3 52. h6 Bd4 53. h7 Kb6 54. Kf7 Ka7 55. g5 Kb6 56. g6 Ka7 57. g7 Kb6 58. Bd3 Ka5 59. g8=Q Kb4 1/2-1/2

[Event "Late-Titled-Tuesday-Blitz-September-12-2023"]
[Site "Chess.com"]
[Date "2023.09.12"]
[Round "9"]
[White "IMRosen"]
[Black "andrzej"]
[Result "1/2-1/2"]
[WhiteElo "2607"]
[BlackElo "2451"]
[TimeControl "180+1"]
[EndTime "15:40:14 PDT"]
[Termination "Game drawn by repetition"]

1. e4 e5 2. Nf3 Nf6 3. Nc3 Bb4 4. Bc4 Bxc3 5. dxc3 d6 6. Qe2 h6 7. h3 Nbd7 8. Nd2 Nc5 9. f3 Nh5 10. Nf1 Qf6 11. Be3 Ne6 12. O-O-O Nhf4 13. Qd2 O-O 14. Nh2 Qe7 15. g3 Ng6 16. h4 Re8 17. h5 Ngf8 18.
f4 a6 19. Nf3 Qf6 20. f5 Nc5 21. Bxc5 dxc5 22. g4 Nh7 23. Rdg1 Rd8 24. Qe3 b5 25. Be2 Ng5 26. Nxg5 Qxg5 27. Qxg5 hxg5 28. h6 Bb7 29. Rh5 f6 30. Bf3 gxh6 31. Rxh6 Kg7 32. Rg6+ Kf7 33.
Rh6 Kg7 34. Rh5 Rh8 35. Rgh1 Rxh5 36. Rxh5 Rh8 37. Rxh8 Kxh8 38. Kd2 Kg7 39. c4 b4 40.
c3 a5 41. cxb4 cxb4 42. a3 c5 43. axb4 axb4 44. Kc2 Bc6 45. Kb3 Kf7 46. Kc2 Ke7 47. Kd3 Kd6 48. Bd1 Kc7 49. Bb3 Kb6 50.
Bc2 Ka5 51. Bd1 Kb6 52. Bc2 Ka5 53. Bd1 Bb7 54. Bc2 Ba6 55. b3 Bb7 56. Bd1 Bc6 57. Ke3 Kb6 58. Bc2 Kc7 59. Bd3 Kb6 60. Be2 Kc7 61.
Bf3 Kb6 62. Bg2 Kc7 63. Bf1 Kb6 64. Kd2 Kc7 65. Bd3 Kb6 66. Ke3 Kc7 67. Kf3 Kb6 68.
Ke3 Kc7 69. Kf3 Kb6 70. Ke3 1/2-1/2